 Dungeon Crawl Stone Soup version 0.31.0-11-ge490571c62 (webtiles) character file.

Game seed: 1200826708554951369

11944 sanka the Grappler (level 11, 113/113 HPs)
             Began as a Troll Monk on Feb 1, 2024.
             Was a High Priest of the Shining One.
             Quit the game on level 1 of the Lair of Beasts.
             The game lasted 00:19:12 (9966 turns).

sanka the Grappler (Troll Monk)                     Turns: 9966, Time: 00:19:12

Health: 113/113    AC: 12    Str: 21    XL:     11   Next: 56%
Magic:  14/14      EV:  9    Int:  6    God:    the Shining One [*****.]
Gold:   327        SH: 12    Dex: 16    Spells: 10/10 levels left

rFire   + .          .
                       - Unarmed
rCold   + . .        H - +1 kite shield {AC+3}
rNeg    + + +        E - +2 robe {rC+ rF+}
rPois   +            (helmet restricted)
rElec   .            h - +2 cloak
rCorr   .            (gloves unavailable)
SInv    .            (boots unavailable)
Will    .....        g - amulet of faith
Stlth   +            C - ring of positive energy
HPRegen 1.18/turn    z - ring of poison resistance
MPRegen 0.14/turn

%: faith
@: glowing
A: large, unfitting armour, claws 3, regeneration 1, shaggy fur 1, tough skin 1
a: Renounce Religion, Divine Shield, Cleansing Flame, Summon Divine Warrior


You were on level 1 of the Lair of Beasts.
You worshipped the Shining One.
The Shining One was extremely pleased with you.
You visited 3 branches of the dungeon, and saw 14 of its levels.
You also visited: Sewer and Bailey.

You collected 824 gold pieces.
You spent 497 gold pieces at shops.


Innate Abilities, Weirdness & Mutations

You are too large for most types of armour.
You have claws for hands.
Your natural rate of healing is unusually fast.
You are covered in fur. (AC +1)
You have tough skin. (AC +1)


   Skills:
 + Level 8.4 Fighting
 - Level 2.4 Dodging
 + Level 9.6 Shields
 * Level 10.8 Unarmed Combat
 + Level 5.7 Invocations


You had 10 spell levels left.
You didn't know any spells.
Your spell library contained the following spells:

 Spells                   Type           Power      Damage    Failure   Level
 Ensorcelled Hibernation  Hex/Ice        0%         N/A       80%         2
 Passwall                 Erth           0%         N/A       95%         3
 Swiftness                Air            0%         N/A       95%         3
 Tukima's Dance           Hex            0%         N/A       95%         3
 Volatile Blastmotes      Fire/Tloc      0%         2d10      95%         3
 Fulminant Prism          Conj/Alch      0%         3d5       100%        4
 Iskenderun's Mystic Bla  Conj/Tloc      0%         2d3       100%        4
 Passage of Golubria      Tloc           0%         N/A       100%        4
 Silence                  Hex/Air        0%         N/A       100%        5
 Yara's Violent Unravell  Hex/Alch       0%         3d3       100%        5
 Lehudib's Crystal Spear  Conj/Erth      0%         10d2      100%        8

Inventory:

Missiles
 j - 4 large rocks {=f}
 p - 2 curare-tipped darts (quivered) {=f}
Armour
 h - a +2 cloak (worn)
 E - a +2 robe of resistance (worn)
 H - a +1 kite shield of protection (worn)
Jewellery
 g - an amulet of faith (around neck)
 z - a ring of poison resistance (right claw)
 C - a ring of positive energy (left claw)
Wands
 c - a wand of roots (7)
 m - a wand of mindburst (20)
 y - a wand of flame (9)
 A - a wand of paralysis (5)
Scrolls
 d - a scroll of silence {!r}
 e - 7 scrolls of fear
 i - 2 scrolls of fog
 l - 2 scrolls of immolation {!r}
 s - 9 scrolls of teleportation {@r4}
 v - 3 scrolls of noise {!r}
 w - 2 scrolls of summoning {unknown}
 x - 4 scrolls of poison {!r}
 B - 4 scrolls of blinking
 D - a scroll of vulnerability {!r}
Potions
 b - 2 potions of ambrosia
 f - 2 potions of enlightenment {unknown}
 k - a potion of degeneration {unknown}
 n - a potion of attraction {unknown}
 o - 3 potions of mutation {!q}
 q - 3 potions of heal wounds {@q2}
 r - 3 potions of curing {@q1}
 t - 2 potions of might {unknown}
 u - a potion of lignification {unknown}
 F - a potion of haste {unknown}
Miscellaneous
 a - a condenser vane

Dungeon Overview and Level Annotations

Branches:
Dungeon (12/15)            Temple (1/1) D:5            Lair (1/5) D:11
    Orc (0/2) D:12          Sewer (visited)          Bailey (visited)

Altars:
Ashenzari
Cheibriados
Dithmenos
Elyvilon
Fedhas
Gozag
Hepliaklqana
Kikubaaqudgha
Makhleb
Nemelex Xobeh
Okawaru
Qazlal
Ru
Sif Muna
Trog
Uskayaw
Vehumet
Wu Jian
Xom
Yredelemnul
Zin
The Shining One

Shops:
D:4 : D:5

** ... .▒ ...
P.. .... ▒...
..!.. ▒ ▒....
.....▒▒▒.▒.....
........▒......
▒............
▒.T)......
▒▒........
▒▒▒▒..... ....
... .. .


There were no monsters in sight!


Message History

You mangle the yak!!
The yak is almost dead.
The yak gores you!
You claw the yak!
You kill the yak!
No target in view!
Found 3 stones and a leather armour.
There is an open door, spattered with blood here.
You see here a yak corpse.
You open the door.
There is an open door here.
Key pressed, stopping explore.
There is an open door here.
Done exploring.
Done exploring.
Done exploring.
Search for what [Enter for "."]? .
There is a staircase to the Lair here.
You see here 4 large rocks {=f}.
j - 4 large rocks {=f} Search for what [Enter for "."]? large Unknown command.
Done exploring.
There is a staircase to the Lair here.
You climb downwards.
Welcome to the Lair of Beasts!
Found a whip and 2 white potions.
There is a staircase back to the Dungeon here.
Unknown command.
Are you sure you want to abandon this character and quit the game? (Confirm with "yes".)

Action                     |  1- 3 |  4- 6 |  7- 9 | 10-12 || total
---------------------------+-------+-------+-------+-------++-------
  Melee: Unarmed           |    71 |    92 |   267 |   345 ||   775
  Throw: Dart              |       |       |       |     2 ||     2
 Invoke: Divine Shield     |       |       |       |     3 ||     3
  Evoke: Wand              |       |       |       |    21 ||    21
    Use: Scroll            |       |       |       |    15 ||    15
 Armour: Robe              |    41 |    49 |   157 |   178 ||   425
  Dodge: Dodged            |    31 |    35 |    91 |    92 ||   249
  Block: Kite shield       |       |       |    18 |   195 ||   213

Levels and vault maps discovered:
D:1:      shiori_arrival_elements, layout_basic, shapermc_ecumenical_altar_venn
D:2:      minmay_inner_zag, layout_basic, minmay_misc_feat_diagonals,
          grunt_ministairs_15
D:3:      layout_loops_cross, gup_sewer_entry_bowl
D:4:      layout_cave_pools, led_sif_pool, serial_shops,
          nicolae_shop_mannequins, patterned_corridor
D:5:      layout_gridville, mainiacjoe_overflow_six_doors_small,
          grunt_dithmenos_smoke_and_mirrors, nicolae_hepliaklqana_hippocampus,
          hangedman_ru_absence, temple_pool_b, serial_shops,
          nicolae_shop_pleasant_corner_grove,
          nicolae_shop_competitors_out_of_business, uniq_prince_ribbit1,
          uniq_grinder
D:6:      layout_cave_pools, nicolae_elyvilon_temple_path,
          mainiacjoe_overflow_catwalk, uniq_crazy_yiuf_cottage
D:7:      layout_layer_cave
D:8:      layout_loops_ring, nicolae_overflow_squiral,
          chequers_serial_rivers_micro_a, uniq_maurice
D:9:      layout_stronghold, kennysheep_mini_moat, enter_bailey_2
D:10:     layout_basic, yredelemnul_altar_generic, dk_noncrumbling_4
D:11:     layout_irregular_city, lair_entry_dummy, portal_ice_cave_entry_imps,
          palyth_stone_intersect
D:12:     layout_basic, minmay_orc_entry_temple_small, grunt_tough_drop,
          uniq_sonja, uniq_nessos, uniq_rupert
Temple:   grunt_temple_mini_profane
Lair:1:   layout_cave_pods, lemuel_fruit_tree, uniq_amaemon

Notes
Turn   | Place    | Note
-------+----------+-------------------------------------------
     0 | D:1      | sanka the Troll Monk began the quest for the Orb.
     0 | D:1      | Reached XP level 1. HP: 22/22 MP: 0/0
    56 | D:1      | Found a faded altar of an unknown god.
   379 | D:1      | Reached XP level 2. HP: 29/29 MP: 1/1
   561 | D:1      | Reached skill level 3 in Fighting
   561 | D:1      | Reached XP level 3. HP: 22/37 MP: 2/2
   924 | D:2      | Reached skill level 4 in Unarmed Combat
  1128 | D:2      | Reached XP level 4. HP: 42/45 MP: 3/3
  1731 | D:3      | Noticed an ogre
  1737 | D:3      | Killed an ogre
  1738 | D:3      | Reached skill level 5 in Unarmed Combat
  1738 | D:3      | Reached XP level 5. HP: 28/53 MP: 4/4
  1969 | D:3      | Found a glowing drain.
  1973 | Sewer    | Entered a sewer
  1979 | Sewer    | Reached skill level 6 in Unarmed Combat
  2005 | Sewer    | Reached XP level 6. HP: 54/61 MP: 5/5
  2083 | Sewer    | Noticed Pargi
  2090 | Sewer    | Killed Pargi
  2091 | Sewer    | Reached skill level 7 in Unarmed Combat
  2642 | D:4      | Reached skill level 8 in Unarmed Combat
  2642 | D:4      | Reached XP level 7. HP: 67/67 MP: 6/6
  2811 | D:4      | Found Maetu's Book Shoppe.
  2811 | D:4      | Noticed a walking frostbound tome
  2811 | D:4      | Noticed a walking frostbound tome
  3069 | D:4      | Found a shimmering blue altar of Sif Muna.
  3108 | D:5      | Entered Level 5 of the Dungeon
  3112 | D:5      | Noticed Grinder
  3114 | D:5      | Found a shadowy altar of Dithmenos.
  3121 | D:5      | Killed Grinder
  3122 | D:5      | Reached skill level 9 in Unarmed Combat
  3146 | D:5      | Reached XP level 8. HP: 69/75 MP: 7/7
  3148 | D:5      | Identified the +6 quarterstaff of Unreason {chaos, Str+3}
  3224 | D:5      | Found a staircase to the Ecumenical Temple.
  3259 | Temple   | Entered the Ecumenical Temple
  3303 | Temple   | Became a worshipper of the Shining One
  3303 | Temple   | Reached * piety under the Shining One
  3303 | Temple   | Reached ** piety under the Shining One
  3358 | D:5      | Found Xaacson's Assorted Antiques.
  3380 | D:5      | Found a sacrificial altar of Ru.
  3501 | D:5      | Reached skill level 10 in Unarmed Combat
  3504 | D:5      | Found Xupay's General Store.
  3624 | D:5      | Noticed Prince Ribbit
  3635 | D:5      | Killed Prince Ribbit
  3636 | D:5      | Reached skill level 4 in Fighting
  3804 | D:5      | Reached skill level 5 in Fighting
  3932 | D:5      | Found a glowing silver altar of Zin.
  4154 | D:5      | Found a hazy altar of Hepliaklqana.
  4303 | D:6      | Reached skill level 6 in Fighting
  4364 | D:6      | Found an ornate altar of the Wu Jian Council.
  4408 | D:6      | Reached XP level 9. HP: 80/89 MP: 8/8
  4473 | D:6      | Found a white marble altar of Elyvilon.
  4580 | D:6      | Identified a +2 robe of resistance
  4610 | D:6      | Reached skill level 7 in Fighting
  4787 | D:6      | Found a runed translucent door.
  4788 | D:6      | Noticed Crazy Yiuf
  4793 | D:6      | Killed Crazy Yiuf
  5220 | D:7      | Reached *** piety under the Shining One
  5227 | D:7      | Reached skill level 8 in Fighting
  5235 | D:7      | Reached skill level 1 in Shields
  5235 | D:7      | Reached skill level 1 in Invocations
  5706 | D:7      | Reached skill level 2 in Shields
  5706 | D:7      | Reached skill level 2 in Invocations
  6065 | D:8      | Noticed Maurice
  6071 | D:8      | Maurice stole a beast talisman
  6075 | D:8      | Killed Maurice
  6076 | D:8      | Reached skill level 3 in Shields
  6076 | D:8      | Reached skill level 3 in Invocations
  6162 | D:8      | Reached XP level 10. HP: 103/104 MP: 11/11
  6344 | D:8      | Reached **** piety under the Shining One
  6465 | D:8      | Identified +0 steam dragon scales
  6466 | D:8      | Reached skill level 4 in Shields
  6466 | D:8      | Reached skill level 4 in Invocations
  6478 | D:8      | Found a radiant altar of Vehumet.
  6481 | D:8      | Found an ancient bone altar of Kikubaaqudgha.
  6665 | D:5      | Bought a scroll of identify for 28 gold pieces
  6665 | D:5      | Bought a potion of heal wounds for 70 gold pieces
  6665 | D:5      | Bought a potion of curing for 42 gold pieces
  6665 | D:5      | Bought a scroll of vulnerability for 56 gold pieces
  6665 | D:5      | Bought a scroll of revelation for 105 gold pieces
  6665 | D:5      | Bought a scroll of identify for 28 gold pieces
  6704 | D:5      | Bought a scroll of identify for 48 gold pieces
  6704 | D:5      | Bought a small jade ring for 120 gold pieces
  6881 | D:10     | Entered Level 10 of the Dungeon
  6897 | D:10     | Reached skill level 5 in Shields
  6897 | D:10     | Reached skill level 5 in Invocations
  6974 | D:9      | Reached ***** piety under the Shining One
  6975 | D:9      | Reached skill level 6 in Shields
  7062 | D:9      | Found a flagged portal.
  7068 | Bailey   | Entered a bailey
  7073 | Bailey   | Identified a +0 crystal plate armour
  7073 | Bailey   | Noticed an orc warlord
  7155 | Bailey   | Found a runed translucent gate.
  7155 | Bailey   | Found a runed translucent gate.
  7155 | Bailey   | Found a runed translucent gate.
  7311 | Bailey   | Killed an orc warlord
  7312 | Bailey   | Reached skill level 7 in Shields
  7324 | Bailey   | Identified the amulet of the Pariah {Faith rN+}
  7335 | Bailey   | Acquired a +1 kite shield of protection
  7463 | D:10     | Found a basalt altar of Yredelemnul.
  7465 | D:10     | Reached skill level 8 in Shields
  7834 | D:9      | Noticed a manticore
  7842 | D:9      | Killed a manticore
  7843 | D:9      | Reached XP level 11. HP: 97/111 MP: 13/13
  7937 | D:9      | Found an iron altar of Okawaru.
  8274 | D:10     | Reached skill level 9 in Shields
  9098 | D:11     | Noticed a brown ugly thing
  9107 | D:11     | Killed a brown ugly thing
  9222 | D:11     | Found a staircase to the Lair.
  9444 | D:11     | Noticed a boulder beetle
  9477 | D:11     | Killed a boulder beetle
  9965 | Lair:1   | Entered Level 1 of the Lair of Beasts
  9966 | Lair:1   | Quit the game

Vanquished Creatures
  An orc warlord (Bailey)
  A boulder beetle (D:11)
  An ugly thing (D:11)
  A manticore (D:9)
  A cyclops (D:11)
  Maurice (D:8)
  A kobold demonologist (D:12)
  A troll (D:11)
  Prince Ribbit (D:5)
  Grinder (D:5)
  A wraith (D:9)
  11 yaks
  A shadow (D:10)
  2 steam dragons
  An acid dragon (D:10)
  2 water moccasins (D:7)
  2 black bears
  Pargi (Sewer)
  2 ice beasts
  9 orc warriors
  An ogre (D:3)
  5 centaurs
  3 phantoms
  6 kobold brigands
  4 bullfrogs
  A scorpion (D:5)
  A brain worm (Sewer)
  A gnoll sergeant (D:9)
  21 wights
  10 electric eels
  8 howler monkeys
  3 jellies (D:5)
  Crazy Yiuf (D:6)
  2 bombardier beetles
  2 gnoll boudas
  2 orc priests
  2 sleepcaps
  5 iguanas
  6 orc wizards
  9 adders
  15 gnolls
  14 white imps
  2 ufetubi (D:5)
  A dart slug (D:4)
  5 ribbon worms
  28 orcs
  3 bats
  8 endoplasms
  5 giant cockroaches
  7 goblins
  6 hobgoblins
  2 jackals (D:1)
  35 kobolds
  9 quokkas
  9 ball pythons
  5 frilled lizards
  4 rats
293 creatures vanquished.
